 Dungeon Crawl Stone Soup version 0.23.1 (webtiles) character file.

Game seed: 15839156730451155308

1392 Norn the Spear-Bearer (level 8, -10/62 HPs)
             Began as a Merfolk Skald on Mar 7, 2019.
             Was a Believer of Okawaru.
             Splashed by Ijyb's acid (17 damage)
             ... on level 5 of the Dungeon.
             The game lasted 00:15:36 (6903 turns).

Norn the Spear-Bearer (Merfolk Skald)               Turns: 6903, Time: 00:15:37

Health: -10/62     AC:  5    Str: 13    XL:     8   Next: 68%
Magic:  6/11       EV: 13    Int: 13    God:    Okawaru [**....]
Gold:   58         SH:  0    Dex: 13    Spells: 5/11 levels left

rFire    . . .     SeeInvis .   a - +0 trident
rCold    . . .     Gourm    .   (no shield)
rNeg     . . .     Faith    .   l - +0 ring mail
rPois    .         Spirit   .   (no helmet)
rElec    .         Reflect  .   s - scarf {cloud immunity}
rCorr    .         Harm     .   (no gloves)
MR       .....                  (no boots)
Stlth    +.........             o - amulet of magic regeneration
HPRegen  0.20/turn              (no ring)
MPRegen  0.37/turn              (no ring)

@: very slightly contaminated
A: change form in water, swift swim, stealthy swim
a: Heroism, Renounce Religion


You were on level 5 of the Dungeon.
You worshipped Okawaru.
Okawaru was pleased with you.
You were not hungry.

You visited 1 branch of the dungeon, and saw 5 of its levels.

You collected 155 gold pieces.
You spent 97 gold pieces at shops.

Inventory:

Hand Weapons
 a - a +0 trident (weapon)
   (You took it off an orc on level 4 of the Dungeon)
Missiles
 i - 17 poisoned needles
 m - 2 throwing nets (quivered) {!f}
 u - 8 curare-tipped needles {!f}
Armour
 b - a +0 leather armour
 l - a +0 ring mail (worn)
   (You took it off an orc on level 3 of the Dungeon)
 p - a +0 shield
   (You found it on level 4 of the Dungeon)
 s - a scarf of cloud immunity (worn)
   (You found it on level 3 of the Dungeon)
Jewellery
 d - a +2 ring of dexterity {unknown}
   (You found it on level 1 of the Dungeon)
 o - an amulet of magic regeneration (around neck)
   (You took it off an orc priest on level 3 of the Dungeon)
 w - an uncursed ring of resist corrosion {unknown}
   (You found it on level 5 of the Dungeon)
Wands
 t - a wand of flame (29)
   (You found it on level 4 of the Dungeon)
Scrolls
 c - 3 scrolls of teleportation {@r4}
 g - a scroll of immolation {unknown}
 h - a scroll of magic mapping
 k - 3 scrolls of identify {@r1}
Potions
 f - a potion of lignification {unknown}
 j - 2 potions of magic
 n - 2 potions of curing {@q1}
 q - 3 potions of ambrosia {unknown}
 r - 3 potions of flight
Comestibles
 e - 6 rations {!d}
 v - 8 chunks of flesh


   Skills:
 + Level 5.0 Fighting
 * Level 9.2 Polearms
 - Level 0.6 Armour
 + Level 6.2 Dodging
 - Level 2.0 Spellcasting
 + Level 3.6 Hexes
 + Level 5.5 Charms


You had 5 spell levels left.
You knew the following spells:

 Your Spells              Type           Power        Failure   Level  Hunger
a - Infusion              Chrm           ###.         5%          1    ##.....
t - Spectral Weapon       Hex/Chrm       ##......     24%         3    ####...
w - Song of Slaying       Chrm           ###.....     9%          2    ###....

Your spell library contained the following spells:

 Spells                   Type           Power        Failure   Level  Hunger
 Shroud of Golubria       Chrm/Tloc      #.........   26%         2    ###....
 Regeneration             Chrm/Necr      #.........   45%         3    ####...


Dungeon Overview and Level Annotations

Branches:
Dungeon (5/15)
 Temple: D:4-7

Altars:
Dithmenos
Elyvilon
Fedhas
Nemelex Xobeh
Okawaru
Sif Muna
Trog
Uskayaw
Wu Jian
Xom
Zin

Shops:
D:4 ?

Annotations:
D:4 1 runed translucent door, Crazy Yiuf
D:5 Ijyb


Message History

You now have 58 gold pieces (gained 3).
Found a shiny peridot ring.
w - a shiny peridot ring
Found a scroll of teleportation.
c - 3 scrolls of teleportation {@r4} (gained 1)
A giant cockroach comes into view.
A giant cockroach is nearby!
You draw out your weapon's spirit!
The giant cockroach waves its antennae.
Attack whom?
Aim: a giant cockroach You reach to attack!
You puncture the giant cockroach!
You kill the giant cockroach!
Okawaru accepts your kill.
No target in view!
No target in view!
Found a stone staircase leading down.
Your spectral weapon fades away.
Found a stone staircase leading up.
Ijyb the Twisted Goblin comes into view.
She is wielding a +3 club and carrying a wand of acid (9).
Ijyb shouts!
You draw out your weapon's spirit!
Attack whom?
Aim: Ijyb, wielding a +3 club, wearing a +0 ring mail and carrying a wand of acid (9)
You reach to attack!
You hit Ijyb.
Your spectral weapon closely misses Ijyb.
Ijyb zaps a wand.
The bolt of acid hits you!!
You are splashed with acid!
* * * LOW HITPOINT WARNING * * *
You are too injured to fight recklessly!
You are too injured to fight recklessly!
You are too injured to fight recklessly!
Attack whom?
Aim: Ijyb, wielding a +3 club, wearing a +0 ring mail and carrying a wand of acid (8) (lightly wounded)
You reach to attack!
You hit Ijyb.
Your spectral weapon hits Ijyb from afar!
Ijyb zaps a wand.
The bolt of acid hits your spectral weapon!
Your spectral weapon is splashed with acid.
Your spectral weapon shares its damage with you! x2
Your spectral weapon fades away.
* * * LOW HITPOINT WARNING * * *
You miscast Spectral Weapon.
You are very lightly contaminated with residual magic.
Your hands glow momentarily.
Ijyb zaps a wand.
The bolt of acid hits you!
* * * LOW HITPOINT WARNING * * *
You are splashed with acid!
You die...

.#.#
#.#..###.....##.###
##.#
#.#..####....#.##
.# #.#...........##
.# #.#...####.####
#.#...# #.# #.#...#
#.# ##.####.#...#
#.# ........#...#
#.# ##.#####@...#
#.#
.....g........#..
#######..##.#.###
#.## # #.# # #.. .
#<# # #..


You could see Ijyb.

Vanquished Creatures
  Pikel (D:3)
  Sigmund (D:3)
  A slave (D:3)
  A phantom (D:4)
  3 ogres
  A crimson imp (D:4)
  2 hounds
  An orc priest (D:3)
  An orc wizard (D:2)
  Natasha (thrice) (D:3)
  Terence (D:3)
  A worker ant (D:3)
  6 adders
  A howler monkey skeleton (D:5)
  3 worms
  4 dart slugs
  3 leopard geckos
  7 orcs
  2 giant cockroaches
  8 goblins
  7 hobgoblins
  4 jackals (D:4)
  6 kobolds (D:3)
  3 quokkas
  4 bats
  5 frilled lizards
  A leopard gecko skeleton (D:4)
  4 rats
85 creatures vanquished.

Vanquished Creatures (others)
  A spectral weapon (D:5)
1 creature vanquished.

Grand Total: 86 creatures vanquished

Notes
Turn   | Place    | Note
-------+----------+-------------------------------------------
     0 | D:1      | Norn the Merfolk Skald began the quest for the Orb.
     0 | D:1      | Reached XP level 1. HP: 16/16 MP: 3/3
   438 | D:1      | Reached XP level 2. HP: 23/23 MP: 3/5
  1113 | D:2      | Reached skill level 4 in Polearms
  1113 | D:2      | Reached XP level 3. HP: 11/28 MP: 0/6
  1877 | D:2      | Learned a level 2 spell: Song of Slaying
  1881 | D:2      | Learned a level 3 spell: Spectral Weapon
  1940 | D:2      | Reached XP level 4. HP: 34/34 MP: 4/7
  2151 | D:3      | Found a glowing silver altar of Zin.
  2152 | D:3      | Found a white marble altar of Elyvilon.
  2598 | D:3      | You fall through a shaft!
  2729 | D:4      | Found a shadowy altar of Dithmenos.
  2734 | D:4      | Noticed an ogre
  2754 | D:3      | Found a blossoming altar of Fedhas.
  2754 | D:3      | Found a bloodstained altar of Trog.
  2754 | D:3      | Found a shimmering altar of Xom.
  2755 | D:3      | Found an iron altar of Okawaru.
  2755 | D:3      | Found an ornate altar of the Wu Jian Council.
  2755 | D:3      | Found a deep blue altar of Sif Muna.
  2759 | D:3      | Became a worshipper of Warmaster Okawaru
  2769 | D:3      | Noticed Natasha
  2778 | D:3      | Reached skill level 5 in Polearms
  2796 | D:3      | Killed Natasha
  2796 | D:3      | Reached skill level 1 in Hexes
  2796 | D:3      | Reached XP level 5. HP: 25/41 MP: 0/8
  2953 | D:3      | Noticed Terence
  3054 | D:3      | Killed Terence
  3068 | D:3      | Noticed Sigmund
  3438 | D:3      | Noticed Natasha
  3449 | D:3      | Killed Natasha
  3679 | D:2      | Reached XP level 6. HP: 19/47 MP: 5/9
  4212 | D:3      | Killed Sigmund
  4212 | D:3      | Reached * piety under Okawaru
  4212 | D:3      | Reached skill level 6 in Polearms
  4374 | D:3      | Found a hide-covered altar of Uskayaw.
  4423 | D:3      | Noticed Natasha
  4424 | D:3      | Noticed a +0 dagger
  4425 | D:3      | Noticed a +0 hand axe
  4443 | D:3      | HP: 1/48 [orc priest/divine providence (7)]
  4771 | D:3      | Reached XP level 7. HP: 40/53 MP: 4/10
  4793 | D:3      | Killed Natasha
  5233 | D:4      | Reached skill level 7 in Polearms
  5239 | D:4      | Noticed Pikel
  5439 | D:3      | Reached skill level 5 in Dodging
  5561 | D:4      | Found a sparkling altar of Nemelex Xobeh.
  5669 | D:4      | Found Jinnemau's Magic Scroll Boutique.
  5674 | D:4      | Bought a scroll of magic mapping for 45 gold pieces
  5674 | D:4      | Bought a scroll of identify for 26 gold pieces
  5674 | D:4      | Bought a scroll of identify for 26 gold pieces
  6067 | D:3      | Killed Pikel
  6067 | D:3      | Reached ** piety under Okawaru
  6067 | D:3      | Reached skill level 8 in Polearms
  6067 | D:3      | Reached skill level 5 in Charms
  6067 | D:3      | Reached XP level 8. HP: 25/61 MP: 9/11
  6642 | D:4      | Found a runed translucent door.
  6643 | D:4      | Noticed Crazy Yiuf
  6753 | D:5      | Entered Level 5 of the Dungeon
  6776 | D:5      | Reached skill level 9 in Polearms
  6784 | D:5      | Reached skill level 5 in Fighting
  6899 | D:5      | Noticed Ijyb
  6903 | D:5      | Splashed by Ijyb's acid

Skill      XL: |  1  2  3  4  5  6  7  8 |
---------------+-------------------------+-----
Dodging        | 3 4 5 6 |  6.2
Polearms       | 4 5 6 8 9 |  9.2
Fighting       | 3 4 5 |  5.0
Hexes          | 1 2 3 |  3.6
Charms         | 4 5 |  5.5
Armour         | |  0.6
Spellcasting   | |  2.0

Action                   |  1- 3 |  4- 6 |  7- 9 || total
-------------------------+-------+-------+-------++-------
Melee: Spear             |   105 |   205 |    93 ||   403
       Trident           |       |       |    66 ||    66
       Punch             |       |       |     2 ||     2
 Cast: Infusion          |    13 |    23 |     7 ||    43
       Song of Slaying   |       |     1 |       ||     1
       Spectral Weapon   |       |       |     3 ||     3
Invok: Heroism           |       |       |     3 ||     3
  Use: Scroll            |       |     5 |     4 ||     9
       Potion            |       |     1 |       ||     1
 Stab: Sleeping          |     1 |       |       ||     1
  Eat: Chunk             |     4 |     7 |     3 ||    14
       Ration            |       |     1 |     1 ||     2
Armor: Leather armour    |    26 |     3 |       ||    29
       Ring mail         |       |    27 |    22 ||    49
Dodge: Dodged            |    56 |    79 |    56 ||   191
